 Dungeon Crawl Stone Soup version 0.31-a0-836-g3ceb0a68c4 (webtiles) character file.

Game seed: 15497916510534549096

24747 D12ThenQuit the Basher (level 12, 92/92 HPs)
             Began as a Mummy Gladiator on Sept 26, 2023.
             Was an Initiate of Gozag.
             Safely got out of the dungeon.
             The game lasted 00:31:40 (15102 turns).

D12ThenQuit the Basher (Mummy Gladiator)           Turns: 15102, Time: 00:31:41

Health: 92/92      AC: 36    Str: 24    XL:     12   Next: 83%
Magic:  12/12      EV: 14    Int:  4    God:    Gozag
Gold:   1512       SH:  0    Dex: 27    Spells: 11/11 levels left

rFire   + . .        i - +6 whip of Red Wine {elec, rPois rF++ Will+ Int-3}
rCold   + + .        (no shield)
rNeg    + + +        g - +9 plate armour {ponderous}
rPois   ∞            C - +4 hat "Pesk" {*Corrode +Blink rElec rC+ Will+}
rElec   +            r - +2 cloak {Stlth+}
rCorr   .            l - +0 pair of gloves
SInv    .            y - +1 pair of boots "Veklepp" {Str+2 Dex+7}
Will    +++..        (no amulet) Stlth
                     D - +6 ring of dexterity
HPRegen 0.35/turn    E - +5 ring of evasion
MPRegen 0.13/turn

%: corrode self (3%), faith
@: slow
A: cold resistance 1, negative energy resistance 3, torment resistance 2, heat
vulnerability 1, in touch with death 1, no potions, faith
a: Renounce Religion, Evoke Blink, Potion Petition, Call Merchant, Bribe Branch


You escaped.
You worshipped Gozag.
Gozag was most pleased with you.
You visited 2 branches of the dungeon, and saw 13 of its levels.
You also visited: Bailey.

You collected 3533 gold pieces.
You spent 1952 gold pieces at shops.
You paid 69 gold pieces to Gozag.

Inventory:

Hand Weapons
 a - a +0 trident
 h - a +2 dagger of venom
 i - the +6 whip of Red Wine (weapon) {elec, rPois rF++ Will+ Int-3}
   (You found it on level 2 of the Dungeon)

   Int-3:     It affects your intelligence (-3).
   rF++:      It greatly protects you from fire.
   rPois:     It protects you from poison Will+: It increases your willpower.
Missiles
 d - 3 throwing nets
 e - a javelin
 f - 46 poisoned darts (quivered)
Armour
 b - a +0 leather armour
 c - a +0 helmet
 g - a +9 plate armour of ponderousness (worn)
 l - a +0 pair of gloves (worn)
 p - a +2 scale mail of poison resistance
 r - a +2 cloak of stealth (worn)
 x - a +3 scale mail of fire resistance
 y - the +1 pair of boots "Veklepp" (worn) {Str+2 Dex+7}
   (You bought it in a shop on level 2 of the Dungeon)

   Str+2:     It affects your strength (+2).
   Dex+7:     It affects your dexterity (+7).
 z - a +2 kite shield
 C - the +4 hat "Pesk" (worn) {*Corrode +Blink rElec rC+ Will+}
   (You acquired it on level 2 of the Dungeon)

   rC+:       It protects you from cold.
   rElec:     It insulates you from electricity.
   Will+:     It increases your willpower.
   +Blink:    It lets you blink.
   *Corrode:  It may corrode you when you take damage.
Jewellery
 k - an amulet of guardian spirit
 m - an amulet of magic regeneration
 o - a ring of wizardry
 s - a ring of flight
 v - an amulet of the acrobat
 D - a +6 ring of dexterity (left hand)
 E - a +5 ring of evasion (right hand)
Wands
 q - a wand of charming (20)
 t - a wand of flame (12)
Scrolls
 j - 7 scrolls of teleportation
 n - 3 scrolls of vulnerability
 u - 2 scrolls of identify
 w - 2 scrolls of enchant armour
 A - a scroll of torment
 B - 3 scrolls of noise
 F - a scroll of poison {unknown}
 G - 2 scrolls of revelation {unknown}


   Skills:
 - Level 7.8 Fighting
 - Level 12.3 Maces & Flails
 - Level 2.5 Polearms
 - Level 1.5 Throwing
 + Level 12.2 Armour
 - Level 2.4 Dodging


You had 11 spell levels left.
You didn't know any spells.
Your spell library contained the following spells:

 Spells                   Type           Power      Damage    Failure   Level
 Magic Dart               Conj           0%         1d3       99%         1
 Ensorcelled Hibernation  Hex/Ice        0%         N/A       100%        2
 Jinxbite                 Hex            0%         N/A       100%        2
 Searing Ray              Conj           0%         2d4       100%        2
 Static Discharge         Conj/Air       0%         2-2/arc   100%        2
 Tukima's Dance           Hex            0%         N/A       100%        3
 Airstrike                Air            0%         2d(0-16)  100%        4
 Anguish                  Hex/Necr       0%         N/A       100%        4
 Fulminant Prism          Conj/Hex       0%         3d5       100%        4
 Passage of Golubria      Tloc           0%         N/A       100%        4
 Summon Lightning Spire   Summ/Air       0%         N/A       100%        4
 Yara's Violent Unravell  Hex/Tmut       0%         3d3       100%        5


Dungeon Overview and Level Annotations

Branches:
Dungeon (12/15)            Temple (1/1) D:4            Lair (0/5) D:10
    Orc (0/2) D:10         Bailey (visited)

Altars:
Ashenzari
Cheibriados
Dithmenos
Fedhas
Gozag
Hepliaklqana
Kikubaaqudgha
Makhleb
Nemelex Xobeh
Okawaru
Qazlal
Ru
Sif Muna
Trog
Uskayaw
Vehumet
Wu Jian
Xom
Yredelemnul

Shops:
D:1 [   D:2 [?[=[

Annotations:
D:4 2 runed translucent doors, bchevrier's ghost, amateur GnWn
D:9 exclusion: ice statue
D:10 3 runed translucent doors
D:11 3 runed translucent doors, ShangFenghuang's ghost, journeyman TrSh; Sonja


Innate Abilities, Weirdness & Mutations

You are immune to poison.
Your flesh is cold resistant. (rC+)
You are immune to negative energy. (rN+++)
You are immune to unholy pain and torment.
You are vulnerable to heat. (rF-)
You are in touch with the powers of death.
You do not drink.
You have a special connection with the divine. (Faith)


Message History

There is an open door here.
There is an open door here.
There is a stone staircase leading up here.
You climb upwards.
There is a stone staircase leading down here.
There is a stone staircase leading up here.
You climb upwards.
There is a stone staircase leading down here.
There is an open door here.
There is a stone staircase leading up here.
You climb upwards.
There is a stone staircase leading down here.
There is a stone staircase leading up here.
You climb upwards.
There is a stone staircase leading down here.
There is a stone staircase leading down here.
There is an open door here.
There is a stone staircase leading up here.
You climb upwards.
Level annotation: 2 runed translucent doors, bchevrier's ghost, amateur GnWn
There is a stone staircase leading down here.
You see here a +0 dagger.
You see here a +0 dagger.
There is a stone staircase leading up here.
You climb upwards.
There is a stone staircase leading down here.
There is an open door here.
There is an open door here.
There is a stone staircase leading up here.
You climb upwards.
There is a stone staircase leading down here.
There is a stone staircase leading up here.
You climb upwards.
There is a stone staircase leading down here.
There is an open door here.
There is an open door here.
There is an open door here.
There is an open door here.
There is a staircase leading out of the dungeon here.
You have escaped!

..#...#...##..P......##...#...#..
..'...'...##'#PPPP.#'##...'...'..
###...#...##.###+###.##...#...###
.###..#...'...'...'...'...#..###.
...####...#...#.>.#...#...##'#.).
......#########...#########......
##...........#######...........##
.#####.....................#####.
.....######.....@.....########.##
..........############# #.#.##.#
.......##...#.###.##.# #......#
....#.#######........# ###.####
#####.# #####.#### #.# #.# #.#
#.# ##'## #.# ###.#### ##...##
#.# #......## ##.....## ####.###
#.#.##.##


There were no monsters in sight!

Vanquished Creatures
  A centaur warrior (D:11)
  6 two-headed ogres
  Nergalle (D:11)
  Pikel (D:5)
  An orc knight (Bailey)
  An ugly thing (D:10)
  2 deep elf pyromancers (D:12)
  Maurice (D:8)
  A guardian serpent (D:12)
  Maggie (D:7)
  5 kobold demonologists
  Jeremiah (D:6)
  A komodo dragon (D:10)
  4 polar bears
  A troll (D:11)
  Prince Ribbit (D:5)
  5 slime creatures (D:12)
  Sigmund (D:6)
  A shadow (D:9)
  2 wraiths
  3 wyverns
  A human (D:9)
  30 yaks
  Grum (D:8)
  An unseen horror simulacrum (D:8)
  3 hogs (D:9)
  2 steam dragons
  Menkaure (D:5)
  3 wargs (D:10)
  An acid dragon (D:8)
  Edmund (D:5)
  2 water moccasins
  13 orc warriors
  A sky beast (D:7)
  An ice beast (D:8)
  A black bear (D:5)
  7 wolves (D:8)
  4 centaurs
  2 ogres
  2 lemures (D:5)
  4 phantoms
  5 kobold brigands
  A bullfrog (D:9)
  A necrophage (D:7)
  A gnoll sergeant (D:7)
  2 scorpions (D:5)
  A hornet simulacrum (D:8)
  9 wights
  9 killer bees
  7 electric eels
  A howler monkey (D:10)
  3 jellies
  A gnoll bouda (D:6)
  9 orc priests
  A hound (D:6)
  2 iguanas (D:4)
  15 orc wizards
  A hound skeleton (D:7)
  A killer bee simulacrum (D:8)
  17 gnolls
  9 adders
  2 shadow imps
  5 white imps
  A howler monkey simulacrum (D:8)
  4 ufetubi
  3 worms
  4 dart slugs
  35 orcs
  6 ball pythons
  3 bats
  5 endoplasms
  A giant cockroach (D:1)
  14 hobgoblins
  6 jackals
  3 quokkas
  A frilled lizard (D:3)
  10 goblins
  16 kobolds
  2 rats
339 creatures vanquished.

Notes
Turn   | Place    | Note
-------+----------+-------------------------------------------
     0 | D:1      | D12ThenQuit the Mummy Gladiator began the quest for the
                  | Orb.
     0 | D:1      | Reached XP level 1. HP: 16/16 MP: 1/1
   141 | D:1      | Found Yczil's Antique Armour Shop.
   199 | D:1      | Reached XP level 2. HP: 22/23 MP: 2/2
   432 | D:1      | Reached XP level 3. HP: 29/29 MP: 3/3
  1075 | D:2      | Identified the +6 whip of Red Wine {elec, rPois rF++ Will+
                  | Int-3}
  1101 | D:2      | Found Buan Raq's Magic Scroll Shop.
  1370 | D:2      | Found Xulubb's Armour Boutique.
  1383 | D:2      | Reached skill level 1 in Maces & Flails
  1482 | D:2      | Bought a scroll of identify for 26 gold pieces
  1513 | D:2      | Found Enodghui's Armour Boutique.
  1571 | D:2      | Found Avofeupt's Jewellery Boutique.
  1675 | D:2      | Reached XP level 4. HP: 36/36 MP: 4/4
  1824 | D:2      | Found Jaxe Wuubue's Armour Boutique.
  2099 | D:3      | Found a sparkling altar of Nemelex Xobeh.
  2336 | D:3      | Found a basalt altar of Yredelemnul.
  2868 | D:3      | Reached XP level 5. HP: 41/41 MP: 5/5
  2965 | D:4      | Found a runed translucent door.
  2975 | D:4      | Noticed bchevrier's ghost (amateur GnWn)
  3125 | D:4      | Found an ornate altar of the Wu Jian Council.
  3257 | D:4      | Found a staircase to the Ecumenical Temple.
  3267 | D:4      | Noticed an ogre
  3271 | Temple   | Entered the Ecumenical Temple
  3289 | Temple   | Became a worshipper of Gozag Ym Sagoz the Greedy
  3312 | D:4      | Killed an ogre
  3313 | D:4      | Reached XP level 6. HP: 34/47 MP: 6/6
  3397 | D:4      | Found a runed translucent door.
  3554 | D:5      | Entered Level 5 of the Dungeon
  3664 | D:5      | Noticed Pikel
  3692 | D:5      | Killed Pikel
  3693 | D:5      | Reached XP level 7. HP: 27/52 MP: 7/7
  3925 | D:5      | Noticed Menkaure
  3936 | D:5      | Killed Menkaure
  4072 | D:5      | Found an ancient bone altar of Kikubaaqudgha.
  4081 | D:5      | Reached XP level 8. HP: 58/59 MP: 8/8
  4602 | D:5      | Noticed Prince Ribbit
  4612 | D:5      | Killed Prince Ribbit
  4691 | D:5      | Noticed Edmund
  4708 | D:5      | Killed Edmund
  5149 | D:2      | Bought a +2 cloak of stealth for 215 gold pieces
  5319 | D:6      | Found an iron altar of Okawaru.
  5403 | D:6      | Found a snail-covered altar of Cheibriados.
  5492 | D:6      | Noticed Jeremiah
  5616 | D:6      | Noticed Sigmund
  5727 | D:6      | Killed Sigmund
  5728 | D:6      | Reached XP level 9. HP: 62/64 MP: 9/9
  5951 | D:6      | Reached skill level 10 in Maces & Flails
  6114 | D:7      | Found a hazy altar of Hepliaklqana.
  6275 | D:7      | Noticed Maggie
  6289 | D:7      | Killed Maggie
  6557 | D:7      | Found a burning altar of Makhleb.
  7051 | D:7      | Identified the +12 dagger of Kotwyf {heavy, rF- Int+6
                  | Dex+3}
  7252 | D:8      | Reached XP level 10. HP: 58/70 MP: 10/10
  7263 | D:8      | Found a flagged portal.
  7272 | Bailey   | Entered a bailey
  7711 | Bailey   | Found an iron altar of Okawaru.
  8003 | Bailey   | Noticed an orc knight
  8043 | Bailey   | Killed an orc knight
  8044 | Bailey   | Reached skill level 5 in Fighting
  8544 | Bailey   | Acquired 539 gold pieces
  9078 | D:2      | Bought the +1 pair of boots "Veklepp" {Str+2 Dex+7} for 495
                  | gold pieces
  9127 | D:2      | Bought a +9 plate armour of ponderousness for 540 gold
                  | pieces
  9222 | D:6      | Killed Jeremiah
  9223 | D:6      | Reached skill level 1 in Armour
  9480 | D:7      | Reached XP level 11. HP: 83/86 MP: 11/11
 10070 | D:8      | Found a shimmering blue altar of Sif Muna.
 10095 | D:8      | Noticed Grum
 10095 | D:8      | Noticed Maurice
 10112 | D:8      | Noticed a two-headed ogre
 10119 | D:8      | Killed Maurice
 10120 | D:8      | Reached skill level 5 in Armour
 10126 | D:8      | Killed Grum
 10134 | D:8      | Killed a two-headed ogre
 10642 | D:2      | Bought a scroll of acquirement for 676 gold pieces
 10643 | D:2      | Acquired the +4 hat "Pesk" {*Corrode +Blink rElec rC+
                  | Will+}
 11392 | D:9      | Found a hide-covered altar of Uskayaw.
 12024 | D:10     | Entered Level 10 of the Dungeon
 12052 | D:10     | Found a radiant altar of Vehumet.
 12079 | D:10     | Noticed a two-headed ogre
 12103 | D:10     | Killed a two-headed ogre
 12286 | D:10     | Found a staircase to the Lair.
 12386 | D:10     | Found a runed translucent gate.
 12386 | D:10     | Found a runed translucent gate.
 12386 | D:10     | Found a runed translucent gate.
 12386 | D:10     | Noticed a death yak
 12386 | D:10     | Noticed a death yak
 12387 | D:10     | Noticed a death yak
 12387 | D:10     | Noticed a death yak
 12400 | D:10     | Reached XP level 12. HP: 92/92 MP: 12/12
 12874 | D:10     | Found a staircase to the Orcish Mines.
 13248 | D:11     | Found a runed translucent gate.
 13250 | D:11     | Found a runed translucent gate.
 13251 | D:11     | Found a runed translucent gate.
 13254 | D:11     | Noticed ShangFenghuang's ghost (journeyman TrSh)
 13285 | D:11     | Noticed a two-headed ogre
 13289 | D:11     | Noticed a two-headed ogre
 13295 | D:11     | Killed a two-headed ogre
 13296 | D:11     | Reached skill level 10 in Armour
 13310 | D:11     | Killed a two-headed ogre
 13344 | D:11     | Noticed Nergalle
 13582 | D:11     | Killed Nergalle
 13656 | D:11     | Noticed a centaur warrior
 13657 | D:11     | Noticed a two-headed ogre
 13666 | D:11     | Killed a two-headed ogre
 13674 | D:11     | Killed a centaur warrior
 13778 | D:11     | Noticed Sonja
 14184 | D:12     | Noticed a two-headed ogre
 14199 | D:12     | Killed a two-headed ogre
 15102 | D:$      | Safely got out of the dungeon.

Illustrated notes

Levels and vault maps discovered:
D:1:      dpeg_arrival_water_fire, layout_loops_corners, serial_shops, shop,
          minmay_unequal
D:2:      layout_loops_cross, serial_shops, shop, nicolae_shop_rolling_square,
          shop, shop, shop
D:3:      layout_loops_corners, yredelemnul_altar_generic,
          nemelex_dance_club_becter
D:4:      layout_rooms, nicolae_wu_jian_glorious_leap,
          minmay_temple_entry_stoned_glass, ebering_ghost_sewer_f
D:5:      layout_basic, lemuel_crystal_altar, uniq_menkaure, uniq_edmund,
          uniq_prince_ribbit1, uniq_pikel
D:6:      layout_basic, hellmonk_okawaru_the_only_friend_you_need,
          lemuel_coloured_pillars_altar, uniq_jeremiah, uniq_sigmund
D:7:      layout_gridville, makhleb_blood_cavern_becter,
          nicolae_hepliaklqana_hazy_memory, uniq_maggie
D:8:      layout_rooms, amcnicky_altar_gilded, serial_ice, serial_ice_k,
          serial_ice_m, serial_ice_g, serial_ice_o, serial_ice_c, serial_ice_b,
          serial_ice_f, serial_ice_n, serial_ice_a, serial_ice_e,
          enter_bailey_6, uniq_grum, uniq_maurice
D:9:      layout_gridville, nicolae_uskayaw_dance_studio,
          mainiacjoe_overflow_cross_hatched, grunt_livestock,
          minmay_statue_bubble
D:10:     lemuel_bear_cage, layout_cave_pods, fiery_altar_vehumet,
          erik_lair_orcish_takeover, orc_0_dummy, chequers_serial_rivers_small_a
D:11:     layout_rooms, gammafunk_ghost_spectres, uniq_nergalle, uniq_sonja
D:12:     layout_loops_corners, nrook_guardian_serpent_double
Temple:   nicolae_temple_bog_church

Skill      XL: |  1  2  3  4  5  6  7  8  9 10 11 12 |
---------------+-------------------------------------+-----
Fighting       | 3 7 |  7.8
Maces & Flails | 1 2 4 6 7 9 11 12 | 12.3
Armour         | 3 9 12 | 12.2
Polearms       | |  2.5
Throwing       | |  1.5
Dodging        | |  2.4

Action                     |  1- 3 |  4- 6 |  7- 9 | 10-12 || total
---------------------------+-------+-------+-------+-------++-------
  Melee: Dagger            |    39 |       |       |       ||    39
         Trident           |     6 |       |       |       ||     6
         Whip              |     9 |   113 |   286 |   919 ||  1327
         Punch             |       |       |       |    13 ||    13
  Throw: Dart              |       |       |     5 |       ||     5
  Evoke: Wand              |       |       |       |    18 ||    18
    Use: Scroll            |     1 |     1 |     1 |     6 ||     9
   Stab: Sleeping          |     1 |     1 |       |       ||     2
         Distracted        |       |       |       |     6 ||     6
 Armour: Leather armour    |    28 |    61 |    38 |       ||   127
         Scale mail        |       |       |   149 |   119 ||   268
         Plate armour      |       |       |       |   453 ||   453
  Dodge: Dodged            |    29 |    66 |   129 |   272 ||   496

Table legend: (Time is in decaauts)
 A = Elapsed time spent in this place.
 B = Non-inter-level travel time spent in this place.
 C = Inter-level travel time spent in this place.
 D = Time resting spent in this place.
 E = Time spent auto-exploring this place.
 F = Levels seen in this place.
 G = Mean time per level.
                   A        B        C        D        E       F      G
               +--------+--------+--------+--------+--------+-----+--------+
         Total |  14943 |  13342 |   1601 |   1975 |   7497 |  14 | 1067.4 |
       Dungeon |  13688 |  12087 |   1601 |   1531 |   7271 |  12 | 1140.7 |
        Temple |     36 |     36 |      0 |      0 |      0 |   1 |   36.0 |
        Bailey |   1217 |   1217 |      0 |    444 |    226 |   1 | 1217.0 |
               +--------+--------+--------+--------+--------+-----+--------+

Top non-repeatable levels by time:
     D:5: 1760 daAuts
     D:7: 1598 daAuts
    D:10: 1411 daAuts
     D:8: 1294 daAuts
     D:3: 1248 daAuts
     D:1: 1244 daAuts
  Bailey: 1217 daAuts
     D:9: 1200 daAuts
    D:12: 1097 daAuts
     D:2: 960 daAuts
     D:4: 739 daAuts
     D:6: 732 daAuts
    D:11: 401 daAuts
  Temple: 36 daAuts
